 Dungeon Crawl Stone Soup version 0.23-a0-310-gdcc7a32 (webtiles) character file.

368 galech the Chopper (level 6, -7/48 HPs)
             Began as a Demonspawn Fighter on Oct 12, 2018.
             Mangled by an ogre
             ... wielding a +0 giant club
              (22 damage)
             ... on level 4 of the Dungeon.
             The game lasted 00:02:52 (2210 turns).

galech the Chopper (Demonspawn Fighter)             Turns: 2210, Time: 00:02:52

Health: -7/48      AC:  9    Str: 16    XL:     6   Next: 41%
Magic:  6/6        EV:  7    Int:  9    God:
Gold:   109        SH: 13    Dex: 15    Spells: 5/5 levels left

rFire    . . .     SeeInvis .   r - +1 hand axe (pain)
rCold    . . .     Gourm    .   c - +0 shield
rNeg     . . .     Faith    .   b - +0 scale mail
rPois    .         Spirit   .   (helmet restricted)
rElec    .         Reflect  +   t - +0 cloak
rCorr    .         Harm     .   o - +0 pair of gloves
MR       .....                  (no boots)
Stlth    +.........             g - +4 amulet of reflection
HPRegen  0.16/turn              (no ring)
MPRegen  0.10/turn              (no ring)

@: no status effects
A: antennae 2, nightstalker 1, spiny 1
a: no special abilities


You were on level 4 of the Dungeon.
You were not hungry.

You visited 1 branch of the dungeon, and saw 4 of its levels.

You collected 109 gold pieces.

Inventory:

Hand Weapons
 a - a +0 war axe
 r - a +1 hand axe of pain (weapon)
Armour
 b - a +0 scale mail (worn)
 c - a +0 shield (worn)
 o - a +0 pair of gloves (worn)
 t - a +0 cloak (worn)
Jewellery
 g - a +4 amulet of reflection (around neck)
 q - an uncursed amulet of the gourmand
Scrolls
 e - 2 scrolls of remove curse {unknown}
 h - a scroll of fear {unknown}
 i - 2 scrolls of teleportation {unknown}
 k - 5 scrolls of identify {unknown}
 l - a scroll of enchant armour {unknown}
 p - a scroll of magic mapping {unknown}
 s - 3 scrolls of blinking {unknown}
Potions
 d - a potion of might
 j - 3 potions of curing {unknown}
 m - a potion of ambrosia {unknown}
 n - a potion of brilliance {unknown}
Comestibles
 f - 7 rations
 u - 5 chunks of flesh


   Skills:
 + Level 3.7 Fighting
 + Level 4.1 Axes
 + Level 3.9 Armour
 + Level 1.1 Dodging
 + Level 0.5 Stealth
 + Level 3.6 Shields


You had 5 spell levels left.
You didn't know any spells.
Your spell library was empty.

Dungeon Overview and Level Annotations

Branches:
Dungeon (4/15)
 Temple: D:4-7

Altars:

Annotations:
D:4 Menkaure


Innate Abilities, Weirdness & Mutations

You have a pair of antennae on your head.
You are slightly more attuned to the shadows.
You are partially covered in sharp spines.


Message History

You block Menkaure's attack.
You closely miss the ogre.
The ogre is severely wounded.
You hit Menkaure. You block the ogre's attack.
Menkaure calls on the powers of darkness!
Your body is wracked with pain!
The ogre convulses!
You are too injured to fight recklessly!
You are too injured to fight recklessly!
You are too injured to fight recklessly!
You are too injured to fight recklessly!
You are too injured to fight recklessly!
You are too injured to fight recklessly!
You are too injured to fight recklessly!
You are too injured to fight recklessly!
You are too injured to fight recklessly!
You are too injured to fight recklessly!
You closely miss Menkaure.
Menkaure is lightly damaged.
You closely miss the ogre. The ogre hits you with a giant club!!
You die...

. #.. ..# ###..####
........### #
..........## ### ###
......O....# #.####..
.....M@....# ##..##...
..........## ##........
.........## ##.........
..........###..........
..........##........)..
.............#......รท).
......####..##.......).
..... #..##......... ...
##.###........


You could see an ogre and Menkaure.

Vanquished Creatures
  Sigmund (D:3)
  An orc wizard (D:3)
  Jessica (D:3)
  A hound skeleton (D:2)
  4 gnolls (D:4)
  2 adders
  An ooze (D:2)
  2 worms (D:2)
  2 dart slugs
  3 leopard geckos
  3 orcs (D:3)
  3 giant cockroaches
  8 goblins
  8 hobgoblins
  2 jackals (D:3)
  7 kobolds
  3 quokkas
  A ball python (D:2)
  6 bats
  3 frilled lizards
  4 rats
66 creatures vanquished.

Notes
Turn   | Place    | Note
-------+----------+-------------------------------------------
     0 | D:1      | galech the Demonspawn Fighter began the quest for the Orb.
     0 | D:1      | Reached XP level 1. HP: 18/18 MP: 1/1
    86 | D:1      | Reached skill level 2 in Axes
   132 | D:1      | Gained mutation: You have a pair of small antennae on your
                  | head. [demonic ancestry]
   132 | D:1      | Reached XP level 2. HP: 19/24 MP: 2/2
   618 | D:2      | Gained mutation: You are partially covered in sharp spines.
                  | [demonic ancestry]
   618 | D:2      | Reached XP level 3. HP: 19/29 MP: 3/3
   813 | D:2      | Reached skill level 3 in Axes
   852 | D:2      | Reached XP level 4. HP: 35/35 MP: 4/4
  1109 | D:3      | Noticed Jessica
  1113 | D:3      | Killed Jessica
  1212 | D:3      | Gained mutation: You are slightly more attuned to the
                  | shadows. [demonic ancestry]
  1212 | D:3      | Reached XP level 5. HP: 27/41 MP: 5/5
  1477 | D:3      | Found a faded altar of an unknown god.
  1672 | D:3      | Noticed Sigmund
  1693 | D:3      | Killed Sigmund
  1693 | D:3      | Reached skill level 4 in Axes
  1693 | D:3      | Reached skill level 1 in Dodging
  1693 | D:3      | Gained mutation: You have a pair of antennae on your head.
                  | [demonic ancestry]
  1693 | D:3      | Reached XP level 6. HP: 12/48 MP: 6/6
  2202 | D:4      | Noticed Menkaure
  2210 | D:4      | Mangled by an ogre

Vault maps used:
D:1:      dpeg_arrival_ternary
D:2:      first_ration
D:3:      chequers_ecumenical_altar_twisty, uniq_sigmund, uniq_jessica
D:4:      temple_green, uniq_menkaure

Skill      XL: |  1  2  3  4  5 |
---------------+----------------+-----
Axes           | 2 3 4 |  4.1
Shields        | 3 |  3.6
Armour         | 3 |  3.9
Dodging        | 1 |  1.1
Fighting       | |  3.7
Stealth        | |  0.5

Action                   |  1- 3 |  4- 6 || total
-------------------------+-------+-------++-------
Melee: War axe           |   103 |    33 ||   136
       Hand axe          |       |    48 ||    48
 Stab: Sleeping          |       |     1 ||     1
  Eat: Chunk             |       |    14 ||    14
Armor: Scale mail        |    49 |    28 ||    77
Dodge: Dodged            |    36 |    16 ||    52
Block: Shield            |    53 |    47 ||   100
       Reflection        |       |     1 ||     1

Table legend:
 A = Non-vault XP
 B = Vault XP
 C = Vault XP percentage of total XP
 D = Non-vault monster count
 E = Vault monster count
 F = Vault count percentage of total count
                 A         B        C        D         E       F
            +---------+---------+-------+---------+---------+-------
      Total |     263 |     264 |  50.1 |      64 |       2 |   3.0
            +---------+---------+-------+---------+---------+-------
        D:1 |      36 |       0 |   0.0 |      19 |       0 |   0.0
        D:2 |      85 |       0 |   0.0 |      25 |       0 |   0.0
        D:3 |      83 |     264 |  76.1 |      16 |       2 |  11.1
        D:4 |      59 |       0 |   0.0 |       4 |       0 |   0.0
            +---------+---------+-------+---------+---------+-------
